 Dungeon Crawl Stone Soup version 0.29.1-15-g9cfb28693d (webtiles) character file.

Game seed: 16142228867128718070

150 BuddhaDhamma the Chopper (level 5, 0/45 HPs)
             Began as a Minotaur Berserker on Feb 28, 2023.
             Was a Believer of Trog.
             Slain by a gnoll
             ... wielding a +0 spear
              (2 damage)
             ... on level 3 of the Dungeon.
             The game lasted 00:04:01 (1464 turns).

BuddhaDhamma the Chopper (Minotaur Berserker)       Turns: 1464, Time: 00:04:02

Health: 0/45       AC: 13    Str: 24    XL:     5   Next: 10%
Magic:  4/4        EV:  6    Int:  4    God:    Trog [**....]
Gold:   59         SH:  2    Dex:  9    Spells: 4/4 levels left

rFire   . . .      SeeInvis .   a - +1 hand axe
rCold   . . .      Faith    .   b - +0 buckler
rNeg    . . .      Spirit   .   f - +0 plate armour
rPois   .          Reflect  .   (helmet restricted)
rElec   .          Harm     .   i - +0 cloak
rCorr   .          Rampage  .   (no gloves)
Will    .....                   h - +0 pair of boots
Stlth   ..........              (no amulet)
HPRegen 0.15/turn               (no ring)
MPRegen 0.09/turn               (no ring)

@: on berserk cooldown, slowed, very slow
A: horns 2, retaliatory headbutt
a: Renounce Religion, Berserk, Trog's Hand


You were on level 3 of the Dungeon.
You worshipped Trog.
Trog was pleased with you.
You visited 1 branch of the dungeon, and saw 3 of its levels.

You collected 59 gold pieces.

Inventory:

Hand Weapons
 a - a +1 hand axe (weapon)
Missiles
 c - 7 poisoned darts (quivered)
Armour
 b - a +0 buckler (worn)
 f - a +0 plate armour (worn)
 h - a +0 pair of boots (worn)
 i - a +0 cloak (worn)
Potions
 d - a potion of attraction {unknown}
 e - 2 potions of curing {unknown}
 l - 3 potions of heal wounds


   Skills:
 - Level 3.6 Fighting
 + Level 7.0 Axes
 - Level 2.4 Armour
 - Level 2.1 Dodging


You had 4 spell levels left.
You didn't know any spells.
Your spell library was empty.

Dungeon Overview and Level Annotations

Branches:
Dungeon (3/15)

Altars:


Innate Abilities, Weirdness & Mutations

You have a pair of horns on your head.
You reflexively headbutt those who attack you in melee.


Message History

The gnoll hits you but does no damage. The gnoll barely misses you.
You barely miss the gnoll.
The gnoll is lightly wounded.
You hit the gnoll. The gnoll hits you with a +0 club. x2
The gnoll hits you from afar with a +0 spear.
* * * LOW HITPOINT WARNING * * *
You hit the gnoll.
The gnoll is heavily wounded.
You hit the gnoll.
The gnoll hits you but does no damage. x3
You hit the gnoll but do no damage.
The gnoll is heavily wounded.
You hit the gnoll.
You kill the gnoll!
Trog accepts your kill.
The gnoll hits you but does no damage. x3; The gnoll hits you with a +0 club.
* * * LOW HITPOINT WARNING * * *
You hit the gnoll but do no damage.
You headbutt the gnoll, but do no damage.
The gnoll is heavily wounded.
The gnoll hits you with a +0 club.
* * * LOW HITPOINT WARNING * * *
The gnoll hits you but does no damage.
You barely miss the gnoll. Your headbutt misses the gnoll.
The gnoll is heavily wounded.
The gnoll hits you with a +0 club.
* * * LOW HITPOINT WARNING * * *
The gnoll hits you but does no damage. x3
You hit the gnoll.
The gnoll is severely wounded.
The gnoll closely misses you. The gnoll hits you but does no damage.
The gnoll hits you from afar with a +0 spear.
* * * LOW HITPOINT WARNING * * *
The gnoll hits you but does no damage.
You hit the gnoll but do no damage.
The gnoll is severely wounded.
The gnoll hits you but does no damage. x2
You hit the gnoll.
The gnoll is almost dead.
The gnoll hits you from afar with a +0 spear.
You die...

.. ..##...# .......
#.##...# .......
#..#..## ..?.... #..#<.#
....... #.....##
.......######.....#
..........##......####
......)g#g.#)).......##.
#@).))).).........
######)))......###
#....†....# ##.......##
#.........# #.........#
#.........# #.........#
#.........#


You could see 2 gnolls.

Vanquished Creatures
  Jessica (D:3)
  Robin (D:3)
  2 gnolls (D:3)
  2 adders (D:2)
  3 dart slugs
  4 ball pythons
  3 bats
  8 endoplasms
  6 giant cockroaches
  9 goblins (D:3)
  8 hobgoblins
  4 jackals (D:3)
  3 kobolds (D:2)
  2 quokkas (D:2)
  2 frilled lizards
  6 rats
64 creatures vanquished.

Notes
Turn   | Place    | Note
-------+----------+-------------------------------------------
     0 | D:1      | BuddhaDhamma the Minotaur Berserker began the quest for the
                  | Orb.
     0 | D:1      | Reached XP level 1. HP: 19/19 MP: 0/0
    50 | D:1      | Reached skill level 4 in Axes
   117 | D:1      | Reached XP level 2. HP: 26/26 MP: 1/1
   156 | D:1      | Found a faded altar of an unknown god.
   570 | D:1      | Reached skill level 5 in Axes
   683 | D:2      | Reached XP level 3. HP: 23/31 MP: 2/2
   888 | D:2      | Reached ** piety under Trog
  1328 | D:3      | Reached XP level 4. HP: 39/39 MP: 3/3
  1341 | D:3      | Reached skill level 6 in Axes
  1362 | D:3      | Noticed Jessica
  1367 | D:3      | Killed Jessica
  1432 | D:3      | Noticed Robin
  1447 | D:3      | Killed Robin
  1456 | D:3      | Reached skill level 7 in Axes
  1456 | D:3      | Reached XP level 5. HP: 27/45 MP: 4/4
  1462 | D:3      | HP: 2/45 [gnoll/+0 spear (3)]
  1464 | D:3      | Slain by a gnoll

Illustrated notes

Levels and vault maps discovered:
D:1:      moated_graveyard_arrival, layout_basic,
          hellmonk_ecumenical_altar_crossroads
D:2:      layout_rooms, nicolae_concentric_dashed_squares_mild
D:3:      layout_rooms, gammafunk_temple_overflow_statue, uniq_natasha,
          uniq_jessica, uniq_robin

Skill      XL: |  1  2  3  4 |
---------------+-------------+-----
Axes           | 4 5 7 |  7.0
Fighting       | |  3.6
Armour         | |  2.4
Dodging        | |  2.1

Action                   |  1- 3 |  4- 6 || total
-------------------------+-------+-------++-------
Melee: Hand axe          |    83 |    40 ||   123
       Headbutt          |    12 |     4 ||    16
       Punch             |     1 |       ||     1
Throw: Dart              |     2 |       ||     2
Invok: Berserk           |       |     2 ||     2
  Use: Scroll            |     5 |       ||     5
Armor: Leather armour    |     2 |       ||     2
       Plate armour      |    42 |    51 ||    93
Dodge: Dodged            |    32 |    11 ||    43
Block: Buckler           |     5 |     4 ||     9
